 Dungeon Crawl Stone Soup version 0.28.0-1-gb440e238dd (webtiles) character file.

Game seed: 15453405366385457119

26349 rabbitsville the Quickloader (level 13, -4/96 HPs)
             Began as a Gnoll Wanderer on Feb 27, 2022.
             Was a High Priest of Hepliaklqana.
             Slain by an orc warlord (18 damage)
             ... on level 1 of the Orcish Mines.
             The game lasted 02:07:51 (17874 turns).

rabbitsville the Quickloader (Gnoll Wanderer)      Turns: 17874, Time: 02:07:52

Health: -4/96      AC: 13    Str: 20    XL:     13   Next: 25%
Magic:  34/34      EV: 14    Int: 10    God:    Hepliaklqana [*****.]
Gold:   1280       SH:  0    Dex: 15    Spells: 25/28 levels left

rFire   + . .      SeeInvis .   b - +5 morningstar "Meam" {spect, *Corrode MP+9 Dex+2 Stlth+}
rCold   . . .      Faith    .   (no shield)
rNeg    + . .      Spirit   .   T - +0 scale mail of the Equator {Contam rElec rF+ Will++}
rPois   +          Reflect  .   j - +1 hat
rElec   +          Harm     .   o - +0 cloak {rPois}
rCorr   +          Rampage  .   y - +0 pair of gloves
Will    ++...                   Z - +0 pair of boots
Stlth   +.........              C - amulet of Pauc {RegenMP rN+ Str+3}
HPRegen 0.26/turn               A - ring of flight
MPRegen 0.64/turn               g - ring of resist corrosion

@: confused, ambrosia-drunk, flying
A: reduced essence, fangs 1, strong nose, distributed training
a: Renounce Religion, Recall Ancestor, Ancestor Identity, Transference, Idealise


You were on level 1 of the Orcish Mines.
You worshipped Hepliaklqana.
Hepliaklqana was extremely pleased with you.
You visited 4 branches of the dungeon, and saw 20 of its levels.
You also visited: Ossuary and Ice Cave.

You collected 1280 gold pieces.

Inventory:

Hand Weapons
 a - the +8 longbow "Zephyr" {speed, Dex+3 SInv}
   (You found it on level 3 of the Dungeon)

   Attacks with this weapon are significantly faster.
   Dex:       It affects your dexterity (+3).
   SInv:      It lets you see invisible.
 b - the +5 morningstar "Meam" (weapon) {spect, *Corrode MP+9 Dex+2 Stlth+}
   (You found it on level 10 of the Dungeon)

   When its wielder attacks, the weapon's spirit leaps out and strikes again.
   The spirit shares a part of any damage it takes with its wielder.
   Dex:       It affects your dexterity (+2).
   MP:        It affects your magic capacity (+9).
   *Corrode:  It may corrode you when you take damage.
   Stlth:     It makes you more stealthy.
Missiles
 s - 200 arrows
 H - 3 throwing nets (quivered)
Armour
 j - a +1 hat (worn)
 o - a +0 cloak of poison resistance (worn)
 y - a +0 pair of gloves (worn)
 O - a +0 helmet
 T - the +0 scale mail of the Equator (worn) {Contam rElec rF+ Will++}
   (You found it on level 10 of the Dungeon)

   rF:        It protects you from fire.
   rElec:     It insulates you from electricity.
   Contam:    It causes magical contamination when unequipped.
   Will:      It greatly increases your willpower.
 Z - a +0 pair of boots (worn)
Jewellery
 g - a ring of resist corrosion (right hand)
 t - a +6 ring of strength
 A - a ring of flight (left hand)
 C - the amulet of Pauc (around neck) {RegenMP rN+ Str+3}
   (You found it on level 5 of the Dungeon)

   [amulet of magic regeneration]

   It increases your rate of magic regeneration.
   Str:       It affects your strength (+3).
   rN:        It protects you from negative energy.
 S - a ring of fire
 U - a +6 ring of dexterity
Wands
 i - a wand of charming (5)
 n - a wand of digging (9)
 w - a wand of polymorph (26)
 z - a wand of flame (12)
 R - a wand of paralysis (7)
 X - a wand of iceblast (5)
Scrolls
 c - 2 scrolls of vulnerability
 d - a scroll of fog {unknown}
 e - a scroll of blinking {unknown}
 k - 4 scrolls of torment
 m - 11 scrolls of teleportation
 p - 2 scrolls of magic mapping
 r - 3 scrolls of fear
 v - 2 scrolls of noise
 B - 2 scrolls of enchant weapon {unknown}
 D - 2 scrolls of brand weapon {unknown}
 E - 4 scrolls of amnesia
 F - 2 scrolls of enchant armour {unknown}
 N - a scroll of immolation {unknown}
 Q - 2 scrolls of silence {unknown}
Potions
 f - 4 potions of invisibility
 h - 2 potions of lignification {unknown}
 l - 3 potions of haste
 u - 4 potions of curing
 x - a potion of cancellation {unknown}
 I - 2 potions of heal wounds
 K - 2 potions of resistance
 L - 3 potions of brilliance
 M - a potion of might {unknown}
 W - 2 potions of mutation {unknown}
 Y - a potion of ambrosia


   Skills:
 + Level 11.7 Fighting
 + Level 8.1 Short Blades
 + Level 8.1 Long Blades
 + Level 8.1 Axes
 + Level 8.1 Maces & Flails
 + Level 8.1 Polearms
 + Level 8.1 Staves
 + Level 8.1 Slings
 + Level 8.1 Bows
 + Level 11.7 Crossbows
 + Level 8.1 Throwing
 + Level 8.6 Armour
 + Level 8.6 Dodging
 + Level 8.1 Stealth
 + Level 8.1 Shields
 + Level 8.1 Unarmed Combat
 + Level 8.1 Spellcasting
 + Level 6.7 Conjurations
 + Level 6.7 Hexes
 + Level 6.7 Summonings
 + Level 6.7 Necromancy
 + Level 6.7 Translocations
 + Level 6.7 Transmutations
 + Level 6.7 Fire Magic
 + Level 6.7 Ice Magic
 + Level 6.7 Air Magic
 + Level 6.7 Earth Magic
 + Level 6.7 Poison Magic
 + Level 8.9 Invocations
 + Level 8.1 Evocations


You had 25 spell levels left.
You knew the following spells:

 Your Spells              Type           Power      Damage    Failure   Level
a - Portal Projectile     Hex/Tloc       34%        N/A       8%          3

Your spell library contained the following spells:

 Spells                   Type           Power      Damage    Failure   Level
 Animate Skeleton         Necr           34%        N/A       2%          1
 Pain                     Necr           68%        1d7       2%          1
 Summon Small Mammal      Summ           68%        N/A       2%          1
 Ensorcelled Hibernation  Hex/Ice        34%        N/A       3%          2
 Scorch                   Fire           34%        2d7       3%          2
 Call Canine Familiar     Summ           17%        N/A       8%          3
 Conjure Flame            Conj/Fire      17%        6-21      8%          3
 Ignite Poison            Fire/Tmut/Pois 17%        N/A       8%          3
 Spider Form              Tmut/Pois      17%        N/A       8%          3
 Summon Guardian Golem    Hex/Summ       17%        N/A       8%          3
 Vampiric Draining        Necr           17%        2d7       8%          3
 Anguish                  Hex/Necr       8%         N/A       26%         4
 Flame Wave               Conj/Fire      17%        2d6       26%         4
 Leda's Liquefaction      Hex/Erth       8%         N/A       26%         4
 Sticky Flame             Conj/Fire      17%        2d4       26%         4
 Alistair's Intoxication  Tmut/Pois      11%        N/A       56%         5
 Borgnjor's Vile Clutch   Necr/Erth      8%         N/A       56%         5
 Summon Forest            Summ/Tloc      8%         N/A       56%         5
 Eringya's Noxious Bog    Tmut/Pois      8%         N/A       98%         6
 Summon Cactus Giant      Summ           8%         N/A       98%         6


Dungeon Overview and Level Annotations

Branches:
Dungeon (12/15)            Temple (1/1) D:4            Lair (5/6) D:11
  Snake (0/4) Lair:4        Slime (0/5) Lair:5          Orc (2/2) D:10
Ossuary (visited)           IceCv (visited)
  Swamp: Lair:2-4    Shoals: Lair:2-4       Elf: Orc:2

Altars:
Ashenzari
Cheibriados
Dithmenos
Elyvilon
Fedhas
Gozag
Hepliaklqana
Kikubaaqudgha
Makhleb
Nemelex Xobeh
Okawaru
Qazlal
Ru
Sif Muna
Trog
Uskayaw
Vehumet
Wu Jian
Xom
Yredelemnul
Zin
The Shining One

Shops:
Orc:1 *

Annotations:
D:9 2 transporters, exclusion: downstairs, Sanktem7's ghost, novice MiFi
Lair:1 2 transporters, exclusion: downstairs, Zusoliwk's ghost, journeyman CeHu
Lair:2 7 runed translucent doors, exclusion: door, croobank's ghost, journeyman DrFE
Lair:4 exclusion: 2 doors
Orc:2 Azrael


Innate Abilities, Weirdness & Mutations

Your life essence is reduced to manifest your ancestor. (-10% HP)
You have very sharp teeth.
Your uncanny sense of smell can sniff out nearby items.
Your experience applies equally to all skills.


Message History

Things that are here:
a +0 robe; a +0 dagger
Items here: )) [[ †.
There is a stone staircase leading down, spattered with blood here.
Items here: ))) [[ †.
You fly downwards.
Level annotation: Azrael The orc warlord roars a battlecry!
The orcs go into a battle-frenzy!
The ogre hits you with a +0 giant club!
There is a stone staircase leading up, spattered with blood here.
The orc priest invokes the aid of Beogh against you.
Beogh smites you!
The orc warlord roars a battlecry!
The orc warrior goes into a battle-frenzy!
The ogre hits you with a +0 giant club!!
You hear a shout!
You fly upwards.
There is a stone staircase leading down, spattered with blood here.
Items here: ))) [[ †.
Zephyr closely misses the orc warlord.
You see here a +3 short sword of speed.
You barely miss the ogre.
Your +5 morningstar "Meam" {spect, *Corrode MP+9 Dex+2 Stlth+} hits the ogre!
Zephyr hits the orc warlord with a +0 dagger of draining.
The orc warlord hits you with a +1 great sword of holy wrath!!
The ogre hits you with a +0 giant club!
* * * LOW HITPOINT WARNING * * *
Unknown command.
You feel much better.
Zephyr closely misses the orc warlord.
The orc warlord hits you with a +1 great sword of holy wrath!!
* * * LOW HITPOINT WARNING * * *
You are confused.
You feel invigorated. The ogre hits you with a +0 giant club!
* * * LOW HITPOINT WARNING * * *
Zephyr closely misses the orc warlord.
The orc warlord hits you but does no damage.
You're too confused to move!
Zephyr barely misses the orc warlord.
The orc warlord hits you with a +1 great sword of holy wrath!!
You die...

########## ###
##..#.#...#####.##
##..........#.#...##
#..................##
###.#........R.......#
##.##.#......[o)#.....#
#..^.........@O)##....#
###...#.........§......##
##......................##
#........................#
#.......................##
.....#.#...#........#....#
#...#...#...........#....#
##....∩..................#
##.#...#....#....#.>...##


You could see the friendly Zephyr the hexer, an orc warlord (ally target) and an
ogre.

Vanquished Creatures
  2 hydras
  A boulder beetle (D:9)
  Nergalle (D:10)
  Pikel (D:7)
  A wizard (D:10)
  A deep elf pyromancer (D:10)
  A cyclops (D:11)
  An ugly thing (IceCv)
  4 black mambas
  3 cane toads
  3 komodo dragons
  2 trolls (D:11)
  2 polar bears
  A slime creature (D:10)
  Grinder (D:4)
  6 dream sheep (Lair:4)
  A hornet (D:10)
  Prince Ribbit (D:8)
  A jumping spider (Lair:2)
  A meliai zombie (D:10)
  3 shadows
  2 wyverns
  18 yaks
  4 fire elementals (Orc:1)
  A dire elephant simulacrum (IceCv)
  2 basilisks
  Grum (D:9)
  A redback (Lair:2)
  3 water moccasins
  2 hell hounds
  An ice beast (D:6)
  6 orc warriors
  4 black bears
  8 wolves
  6 centaurs
  An ogre (D:6)
  A phantom (D:5)
  2 kobold brigands
  13 bullfrogs
  A cane toad simulacrum (Lair:4)
  A gnoll sergeant (D:9)
  4 scorpions
  A water moccasin skeleton (D:5)
  5 killer bees
  An elephant simulacrum (IceCv)
  2 howler monkeys (D:10)
  4 electric eels (D:11)
  8 hounds
  2 centaur zombies
  2 jellies
  Crazy Yiuf (D:2)
  3 orc priests
  2 gnoll shamans
  Ijyb (D:5)
  A bullfrog skeleton (D:5)
  A centaur skeleton (D:7)
  Natasha (twice) (D:4)
  6 orc wizards
  A killer bee zombie (D:5)
  2 wolf simulacra
  8 mummies
  Robin (D:2)
  13 gnolls
  6 adders
  2 ufetubi
  A worm (D:2)
  3 dart slugs
  19 orcs
  4 endoplasms
  2 giant cockroaches
  A gnoll zombie (Ossuary)
  12 goblins
  9 hobgoblins
  3 quokkas
  7 ball pythons
  10 bats
  2 hobgoblin zombies
  12 kobolds
  3 kobold zombies (Ossuary)
  2 orc zombies (Ossuary)
  A rat (D:2)
286 creatures vanquished.

Vanquished Creatures (collateral kills)
  A hydra (Lair:4)
  A catoblepas (Lair:4)
  A cane toad (Lair:2)
  A kobold demonologist (D:10)
  A dream sheep (Lair:4)
  14 yaks
  A wyvern (D:10)
  A fire elemental (Orc:1)
  A redback (Lair:2)
  3 water moccasins
  3 wolves
  2 bullfrogs
  5 killer bees
  A lava snake (D:9)
  A centaur zombie (D:8)
  An orc priest (D:9)
  An iguana (D:7)
  An orc wizard (D:10)
  A mummy (Ossuary)
  3 gnolls
  A white imp (D:7)
  6 orcs
  A hobgoblin zombie (Ossuary)
  An orc zombie (D:7)
53 creatures vanquished.

Vanquished Creatures (others)
  A hound (D:11)
  8 hexers
  A gnoll (Orc:2)
  3 orcs
  9 fungi
  6 plants
  2 withered plants (Lair:2)
30 creatures vanquished.

Grand Total: 369 creatures vanquished

Notes
Turn   | Place    | Note
-------+----------+-------------------------------------------
     0 | D:1      | rabbitsville the Gnoll Wanderer began the quest for the
                  | Orb.
     0 | D:1      | rabbitsville set off with the following items: a +3 hand
                  | crossbow, 24 bolts, a scroll of vulnerability, a +0 leather
                  | armour
     0 | D:1      | Reached XP level 1. HP: 26/26 MP: 1/1
   219 | D:1      | Reached XP level 2. HP: 33/33 MP: 2/2
   407 | D:1      | Got Borhah's Disquisition on Calling
   770 | D:2      | Reached XP level 3. HP: 38/38 MP: 3/3
  1239 | D:2      | Reached skill level 1 in Invocations
  1242 | D:2      | Found a faded altar of an unknown god.
  1275 | D:2      | Reached skill level 1 in Short Blades
  1275 | D:2      | Reached skill level 1 in Long Blades
  1275 | D:2      | Reached skill level 1 in Axes
  1275 | D:2      | Reached skill level 1 in Maces & Flails
  1275 | D:2      | Reached skill level 1 in Polearms
  1275 | D:2      | Reached skill level 1 in Staves
  1275 | D:2      | Reached skill level 1 in Slings
  1275 | D:2      | Reached skill level 1 in Bows
  1275 | D:2      | Reached skill level 1 in Throwing
  1275 | D:2      | Reached skill level 1 in Stealth
  1275 | D:2      | Reached skill level 1 in Shields
  1275 | D:2      | Reached skill level 1 in Unarmed Combat
  1275 | D:2      | Reached skill level 1 in Spellcasting
  1275 | D:2      | Reached skill level 1 in Evocations
  1281 | D:2      | Reached XP level 4. HP: 27/45 MP: 5/5
  1481 | D:2      | Found a runed translucent door.
  1482 | D:2      | Noticed Crazy Yiuf
  1487 | D:2      | Killed Crazy Yiuf
  1488 | D:2      | Reached skill level 1 in Conjurations
  1488 | D:2      | Reached skill level 1 in Hexes
  1488 | D:2      | Reached skill level 1 in Summonings
  1488 | D:2      | Reached skill level 1 in Necromancy
  1488 | D:2      | Reached skill level 1 in Translocations
  1488 | D:2      | Reached skill level 1 in Transmutations
  1488 | D:2      | Reached skill level 1 in Fire Magic
  1488 | D:2      | Reached skill level 1 in Ice Magic
  1488 | D:2      | Reached skill level 1 in Air Magic
  1488 | D:2      | Reached skill level 1 in Earth Magic
  1488 | D:2      | Reached skill level 1 in Poison Magic
  1870 | D:2      | Noticed Robin
  1881 | D:2      | Killed Robin
  2056 | D:2      | Reached XP level 5. HP: 40/51 MP: 5/7
  2363 | D:3      | Found the +8 longbow "Zephyr" {speed, Dex+3 SInv}
  2936 | D:3      | Found an iron altar of Okawaru.
  3376 | D:4      | Noticed Grinder
  3385 | D:4      | Killed Grinder
  3386 | D:4      | Reached XP level 6. HP: 45/57 MP: 7/9
  3510 | D:4      | Found a staircase to the Ecumenical Temple.
  3541 | Temple   | Entered the Ecumenical Temple
  3767 | Temple   | Became a worshipper of Hepliaklqana the Forgotten
  3821 | D:4      | Noticed Natasha
  3837 | D:4      | Killed Natasha
  3838 | D:4      | Reached XP level 7. HP: 63/63 MP: 10/10
  4030 | D:4      | Noticed Natasha
  4037 | D:4      | Killed Natasha
  4284 | D:5      | Entered Level 5 of the Dungeon
  4417 | D:5      | Reached * piety under Hepliaklqana
  4417 | D:5      | Noticed Ijyb
  4424 | D:5      | Killed Ijyb
  4503 | D:5      | Identified the amulet of Pauc {RegenMP rN+ Str+3}
  4684 | D:5      | Reached XP level 8. HP: 63/63 MP: 12/12
  5240 | D:6      | Found a hide-covered altar of Uskayaw.
  5404 | D:6      | Reached ** piety under Hepliaklqana
  5408 | D:6      | Remembered your ancestor Zephyr as a hexer
  5619 | D:6      | Identified the +0 robe of Goejim {Regen+ MP+9 Int+2}
  5725 | D:7      | Noticed Pikel
  5737 | D:7      | Killed Pikel
  5738 | D:7      | Reached XP level 9. HP: 59/69 MP: 13/15
  5946 | D:7      | Reached skill level 5 in Armour
  5946 | D:7      | Reached skill level 5 in Dodging
  6014 | D:7      | Found a sand-covered staircase.
  6027 | Ossuary  | Entered an ossuary
  7138 | D:8      | Reached skill level 5 in Invocations
  7455 | D:8      | Reached XP level 10. HP: 65/76 MP: 17/17
  7654 | D:8      | Noticed Prince Ribbit
  7663 | D:8      | Killed Prince Ribbit
  7705 | D:8      | Reached skill level 5 in Short Blades
  7705 | D:8      | Reached skill level 5 in Long Blades
  7705 | D:8      | Reached skill level 5 in Axes
  7705 | D:8      | Reached skill level 5 in Maces & Flails
  7705 | D:8      | Reached skill level 5 in Polearms
  7705 | D:8      | Reached skill level 5 in Staves
  7705 | D:8      | Reached skill level 5 in Slings
  7705 | D:8      | Reached skill level 5 in Bows
  7705 | D:8      | Reached skill level 5 in Throwing
  7705 | D:8      | Reached skill level 5 in Stealth
  7705 | D:8      | Reached skill level 5 in Shields
  7705 | D:8      | Reached skill level 5 in Unarmed Combat
  7705 | D:8      | Reached skill level 5 in Spellcasting
  7705 | D:8      | Reached skill level 5 in Evocations
  7707 | D:8      | Reached skill level 10 in Fighting
  7707 | D:8      | Reached skill level 10 in Crossbows
  8141 | D:9      | Found a transporter.
  8141 | D:9      | Noticed Sanktem7's ghost (novice MiFi)
  8142 | D:9      | Reached *** piety under Hepliaklqana
  8144 | D:9      | Noticed a moth of wrath
  8178 | D:9      | Found a transporter.
  8918 | D:9      | Noticed Grum
  8925 | D:9      | Killed Grum
  8929 | D:9      | Reached XP level 11. HP: 74/82 MP: 19/19
  9227 | D:9      | Noticed an eight-headed hydra
  9403 | D:10     | Entered Level 10 of the Dungeon
  9471 | D:10     | Found a staircase to the Orcish Mines.
  9565 | D:10     | Reached skill level 5 in Conjurations
  9565 | D:10     | Reached skill level 5 in Hexes
  9565 | D:10     | Reached skill level 5 in Summonings
  9565 | D:10     | Reached skill level 5 in Necromancy
  9565 | D:10     | Reached skill level 5 in Translocations
  9565 | D:10     | Reached skill level 5 in Transmutations
  9565 | D:10     | Reached skill level 5 in Fire Magic
  9565 | D:10     | Reached skill level 5 in Ice Magic
  9565 | D:10     | Reached skill level 5 in Air Magic
  9565 | D:10     | Reached skill level 5 in Earth Magic
  9565 | D:10     | Reached skill level 5 in Poison Magic
  9674 | D:10     | Identified the +0 scale mail of the Equator {Contam rElec
                  | rF+ Will++}
 10103 | D:10     | Noticed Nergalle
 10118 | D:10     | Killed Nergalle
 10771 | D:11     | Noticed a cyclops
 10783 | D:11     | Killed a cyclops
 10837 | D:11     | Noticed a six-headed hydra
 11391 | D:10     | Noticed a deep elf pyromancer
 11497 | Orc:1    | Entered Level 1 of the Orcish Mines
 11531 | Orc:1    | Found Xethig's Overcharged Wands.
 11616 | Orc:2    | Entered Level 2 of the Orcish Mines
 11616 | Orc:2    | Noticed Azrael
 11947 | D:10     | Killed a deep elf pyromancer
 11958 | D:10     | Noticed a wizard
 11962 | D:10     | Noticed a boulder beetle
 12114 | D:9      | Killed a boulder beetle
 12373 | D:10     | Killed a wizard
 12374 | D:10     | Reached XP level 12. HP: 89/89 MP: 22/22
 12452 | D:10     | Identified the +5 morningstar "Meam" {spect, *Corrode MP+9
                  | Dex+2 Stlth+}
 12477 | D:11     | Found a staircase to the Lair.
 12583 | D:11     | Found an iron altar of Okawaru.
 12641 | D:11     | Killed a six-headed hydra
 12975 | Lair:1   | Entered Level 1 of the Lair of Beasts
 13172 | Lair:1   | Reached **** piety under Hepliaklqana
 13362 | Lair:1   | Found a transporter.
 13366 | Lair:1   | Found a transporter.
 13686 | Lair:1   | Noticed Zusoliwk's ghost (journeyman CeHu)
 13729 | Lair:1   | Learned a level 3 spell: Portal Projectile
 14586 | Lair:2   | Reached ***** piety under Hepliaklqana
 14618 | Lair:2   | Found a runed translucent door.
 14619 | Lair:2   | Noticed croobank's ghost (journeyman DrFE)
 15365 | Lair:3   | You are sucked into a shaft and drop 2 floors!
 15373 | Lair:5   | Found a staircase to the Slime Pits.
 15525 | Lair:4   | Found a frozen archway.
 15570 | IceCv    | Entered an ice cave
 15801 | IceCv    | Found a transporter.
 15814 | IceCv    | Found a transporter.
 15853 | Lair:4   | Noticed a five-headed hydra
 15862 | Lair:4   | Killed a five-headed hydra
 15897 | Lair:4   | Noticed a death yak
 15897 | Lair:4   | Noticed a catoblepas
 15926 | Lair:4   | Noticed a death yak
 16044 | Lair:4   | Reached XP level 13. HP: 68/95 MP: 24/24
 16466 | Lair:2   | Found a runed translucent door.
 16541 | Lair:2   | Found a runed translucent gate.
 16543 | Lair:2   | Found a runed translucent gate.
 16544 | Lair:2   | Found a runed translucent gate.
 16544 | Lair:2   | Found a runed translucent gate.
 16544 | Lair:2   | Found a runed translucent gate.
 16555 | Lair:2   | Found a runed translucent gate.
 17852 | Orc:2    | Noticed an orc warlord
 17874 | Orc:1    | Slain by an orc warlord

Illustrated notes

Levels and vault maps discovered:
D:1:      minmay_arrival_nine_rooms, layout_basic, minmay_ruptured
D:2:      layout_basic, nicolae_ecumenical_snake_handling, grunt_ministairs_3,
          uniq_crazy_yiuf_cottage, uniq_robin
D:3:      layout_basic, mainiacjoe_overflow_24_doors, eino_tiny_chamber,
          grunt_ministairs_5
D:4:      layout_loops_ring, minmay_temple_entry_mini_moons, uniq_grinder,
          uniq_natasha
D:5:      layout_basic, amethyst_killhole, uniq_ijyb
D:6:      layout_loops_ring, nicolae_overflow_crystal_walls, minivault_22,
          hangedman_decor_points, minmay_misc_feat_diagonals
D:7:      layout_cave_pods, nicolae_ossuary_entry_giza, uniq_pikel
D:8:      layout_loops_cross, serial_rivers, chequers_serial_rivers_small_a,
          chequers_serial_rivers_micro_b, chequers_serial_rivers_micro_d,
          chequers_serial_rivers_micro_c, chequers_serial_rivers_micro_e,
          uniq_prince_ribbit1
D:9:      layout_irregular_city, gammafunk_ghost_berserking_beasts,
          kennysheep_small_spiral, minmay_stone_trees_small, moated_statue,
          uniq_grum
D:10:     cheibrodos_elevator_heist, layout_cave_pools, orc_0_dummy,
          uniq_nergalle
D:11:     layout_rooms, erik_lair_island, okawaru_ov_weapons_minmay
D:12:     layout_roguey, serial_shops, shop, uniq_kirke, uniq_snorg
Temple:   regret_index_temple_chain_breaker
Lair:1:   layout_chaotic_city, gammafunk_ghost_hive
Lair:2:   gammafunk_indiana_jones, layout_long_grid, gammafunk_ghost_grave
Lair:3:   layout_chaotic_city, swamp_mist
Lair:4:   layout_small_grid, guppyfry_snake_entry_garden,
          portal_ice_cave_entry_ice_simulacra, minmay_shattered_shrine,
          grunt_megastairs_4, lemuel_fruit_tree
Lair:5:   layout_small_grid, slime_dummy, hellmonk_ghost_happy_afterlife
Orc:1:    layout_caves, basic_altar, nicolae_shop_overcharged_wands
Orc:2:    st_orc_congregation, layout_caves, uniq_azrael

Skill      XL: |  1  2  3  4  5  6  7  8  9 10 11 12 13 |
---------------+----------------------------------------+-----
Invocations    | 1 2 3 4 5 6 7 8 |  8.9
Short Blades   | 1 2 4 5 6 7 8 |  8.1
Long Blades    | 1 2 4 5 6 7 8 |  8.1
Axes           | 1 2 4 5 6 7 8 |  8.1
Maces & Flails | 1 2 4 5 6 7 8 |  8.1
Polearms       | 1 2 4 5 6 7 8 |  8.1
Staves         | 1 2 4 5 6 7 8 |  8.1
Slings         | 1 2 4 5 6 7 8 |  8.1
Bows           | 1 2 4 5 6 7 8 |  8.1
Throwing       | 1 2 4 5 6 7 8 |  8.1
Stealth        | 1 2 4 5 6 7 8 |  8.1
Shields        | 1 2 4 5 6 7 8 |  8.1
Unarmed Combat | 1 2 4 5 6 7 8 |  8.1
Spellcasting   | 1 2 4 5 6 7 8 |  8.1
Evocations     | 1 2 4 5 6 7 8 |  8.1
Conjurations   | 1 2 3 4 5 6 |  6.7
Hexes          | 1 2 3 4 5 6 |  6.7
Summonings     | 1 2 3 4 5 6 |  6.7
Necromancy     | 1 2 3 4 5 6 |  6.7
Translocations | 1 2 3 4 5 6 |  6.7
Transmutations | 1 2 3 4 5 6 |  6.7
Fire Magic     | 1 2 3 4 5 6 |  6.7
Ice Magic      | 1 2 3 4 5 6 |  6.7
Air Magic      | 1 2 3 4 5 6 |  6.7
Earth Magic    | 1 2 3 4 5 6 |  6.7
Poison Magic   | 1 2 3 4 5 6 |  6.7
Armour         | 3 4 5 6 7 8 |  8.6
Dodging        | 3 4 5 6 7 8 |  8.6
Fighting       | 9 10 11 | 11.7
Crossbows      | 9 10 11 | 11.7

Action                   |  1- 3 |  4- 6 |  7- 9 | 10-12 | 13-15 || total
-------------------------+-------+-------+-------+-------+-------++-------
Melee: War axe           |    51 |    64 |    40 |   100 |       ||   255
       Bite              |     4 |     7 |     4 |    18 |     9 ||    42
       Punch             |       |     2 |     1 |    10 |     6 ||    19
       Morningstar       |       |       |       |    27 |    59 ||    86
 Fire: Hand crossbow     |    22 |       |       |       |       ||    22
       Longbow           |       |    32 |   119 |   324 |    15 ||   490
Invok: Ancestor Life: He |       |       |     1 |       |       ||     1
       Ancestor Identity |       |       |     1 |       |       ||     1
       Recall Ancestor   |       |       |       |     3 |       ||     3
       Idealise          |       |       |       |       |     1 ||     1
Evoke: Wand              |       |       |       |     2 |       ||     2
  Use: Scroll            |       |       |     7 |     8 |       ||    15
       Potion            |       |       |       |     2 |     4 ||     6
 Stab: Sleeping          |     2 |       |       |     1 |       ||     3
       Distracted        |       |       |     1 |     3 |     3 ||     7
       Confused          |       |       |       |     1 |       ||     1
       Invisible         |       |       |       |     1 |       ||     1
Armor: Leather armour    |    16 |    18 |     1 |       |       ||    35
       Scale mail        |       |       |    16 |    71 |    56 ||   143
Dodge: Dodged            |    43 |    48 |    36 |   106 |    80 ||   313
